 Dungeon Crawl Stone Soup version 0.26-a0-639-g72c4674329 (webtiles) character file.

Game seed: 18301399029409626008

876 Gottschkopf the Insei (level 7, 0/46 HPs)
             Began as a White Draconian Transmuter on Sept 18, 2020.
             Slain by an orc priest
             ... wielding a +0 whip
              (2 damage)
             ... on level 5 of the Dungeon.
             The game lasted 00:11:10 (5106 turns).

Gottschkopf the Insei (White Draconian Transmuter)  Turns: 5106, Time: 00:11:11

Health: 0/46       AC:  2    Str: 12    XL:     7   Next: 74%
Magic:  4/10       EV: 19    Int: 15    God:
Gold:   116        SH:  0    Dex: 17    Spells: 4/10 levels left

rFire    . . .     SeeInvis .     - Unarmed
rCold    . . .     Faith    .   (shield currently unavailable)
rNeg     . . .     Spirit   .   (armour unavailable)
rPois    x         Reflect  .   (helmet currently unavailable)
rElec    .         Harm     .   (cloak currently unavailable)
rCorr    .         Rampage  .   (gloves currently unavailable)
MR       .....                  (boots currently unavailable)
Stlth    ++........             (no amulet)
HPRegen  0.15/turn              (no ring)
MPRegen  0.12/turn              (no ring)

@: spider-form (expiring), wereblooded
A: tiny, (breathe frost), unfitting armour, frail 1, AC +6
a: End Transformation


You were on level 5 of the Dungeon.
You were a venomous arachnid creature.
You visited 1 branch of the dungeon, and saw 5 of its levels.
You also visited: Sewer.

You collected 116 gold pieces.

Inventory:

Armour
 h - a +0 pair of gloves (melded)
 q - a +1 cloak of magic resistance (melded)
Wands
 r - a wand of polymorph (12)
 t - a wand of acid (12)
Scrolls
 e - 3 scrolls of blinking
 g - 2 scrolls of remove curse {unknown}
 l - 4 scrolls of teleportation
 m - a scroll of fog {unknown}
 n - a scroll of magic mapping
 w - a scroll of fear {unknown}
Potions
 b - 2 potions of invisibility {unknown}
 c - 2 potions of flight {unknown}
 f - 3 potions of heal wounds {unknown}
 i - 2 potions of haste
 j - 3 potions of curing {unknown}
 k - 3 potions of ambrosia
 o - a potion of magic {unknown}
 p - 3 potions of might {unknown}
 s - 2 potions of brilliance {unknown}
 u - a potion of berserk rage {unknown}


   Skills:
 - Level 1.1 Fighting
 - Level 1.7 Dodging
 + Level 7.6 Unarmed Combat
 - Level 2.0 Spellcasting
 - Level 5.5 Transmutations
 - Level 1.0 Poison Magic


You had 4 spell levels left.
You knew the following spells:

 Your Spells              Type           Power        Failure   Level
a - Beastly Appendage     Tmut           ###...       9%          1
b - Wereblood             Tmut           ###.....     12%         2
c - Spider Form           Tmut/Pois      ##........   36%         3

Your spell library contained the following spells:

 Spells                   Type           Power        Failure   Level
 Ice Form                 Ice/Tmut       #.......     77%         4
 Blade Hands              Tmut           ###.......   75%         5


Dungeon Overview and Level Annotations

Branches:
Dungeon (5/15)              Sewer (visited)
 Temple: D:4-7

Altars:
Okawaru

Shops:
D:4 [


Innate Abilities, Weirdness & Mutations

((You can breathe waves of freezing cold.))
((You can buffet flying creatures when you breathe cold.))
((Your icy white scales are hard. (AC +6)))
You cannot fit into any form of body armour.
((Your flesh is cold resistant. (rC+)))
((You are cold-blooded and may be slowed by cold attacks.))
((Your flesh is heat resistant. (rF+)))
You are frail. (-10% HP)


Message History

Your +1 cloak of magic resistance melds into your body.
Your +0 pair of gloves melds into your body.
You feel less resistant to hostile enchantments.
The bullfrog zombie closely misses you.
You barely miss the orc. You bite the orc!
You kill the orc!
The orc priest looks braver for a moment.
You bite the orc!
You kill the orc!
The orc priest invokes the aid of Beogh against you.
Beogh smites you!
You hit the bullfrog zombie.
You destroy the bullfrog zombie!
Your transformation is almost over.
The orc priest mumbles some strange prayers to Beogh against you.
Beogh smites you!
* * * LOW HITPOINT WARNING * * *
The orc priest looks more healthy.
The orc priest hits you with a +0 whip.
You die...

##########
#.........
+.........
####.###.........
.......<..o......
.########s#......
#†# ..... #.#
.... #.# +## #..
#.. #..# #..#
#..#


You could see an orc priest.

Vanquished Creatures
  Sigmund (D:2)
  Purgy (Sewer)
  An ogre (D:4)
  A howler monkey (D:4)
  A bullfrog zombie (D:5)
  2 orc wizards (D:5)
  Crazy Yiuf (D:2)
  A centaur skeleton (D:4)
  Terence (D:2)
  An iguana (D:4)
  3 worker ants (D:4)
  Robin (D:3)
  2 gnolls (D:2)
  10 adders
  An ooze (D:1)
  3 worms
  3 dart slugs
  2 leopard geckos
  9 orcs
  A ball python (D:4)
  7 bats
  4 giant cockroaches
  7 hobgoblins
  7 jackals
  13 kobolds
  A quokka (D:2)
  14 frilled lizards
  15 goblins
  A quokka skeleton (D:4)
  6 rats
121 creatures vanquished.

Vanquished Creatures (others)
  A bat (D:2)
  A fungus (D:2)
2 creatures vanquished.

Grand Total: 123 creatures vanquished

Notes
Turn   | Place    | Note
-------+----------+-------------------------------------------
     0 | D:1      | Gottschkopf the Draconian Transmuter began the quest for
                  | the Orb.
     0 | D:1      | Reached XP level 1. HP: 16/16 MP: 3/3
     0 | D:1      | Noticed a formicid
     1 | D:1      | Noticed an octopode
     3 | D:1      | Noticed an elf
     6 | D:1      | Noticed a naga
    12 | D:1      | Noticed a gargoyle
    13 | D:1      | Noticed a centaur
    14 | D:1      | Noticed a minotaur
    14 | D:1      | Noticed a gargoyle
    16 | D:1      | Noticed a troll
    16 | D:1      | Noticed a centaur
    18 | D:1      | Noticed a dwarf
   155 | D:1      | Reached XP level 2. HP: 23/23 MP: 3/5
   542 | D:1      | Reached skill level 4 in Unarmed Combat
   910 | D:1      | Learned a level 2 spell: Wereblood
   946 | D:2      | Reached XP level 3. HP: 7/28 MP: 3/6
   961 | D:2      | Learned a level 3 spell: Spider Form
  1474 | D:2      | Found a faded altar of an unknown god.
  1509 | D:2      | Reached skill level 5 in Unarmed Combat
  1509 | D:2      | Reached XP level 4. HP: 28/35 MP: 5/7
  1625 | D:2      | Noticed Terence
  1643 | D:2      | Killed Terence
  1719 | D:2      | Noticed Sigmund
  1774 | D:2      | Killed Sigmund
  1774 | D:2      | Reached skill level 1 in Poison Magic
  1774 | D:2      | Reached XP level 5. HP: 28/40 MP: 1/8
  2148 | D:2      | Found an iron altar of Okawaru.
  2160 | D:2      | Reached XP level 6. HP: 33/47 MP: 4/9
  2406 | D:2      | Found a runed translucent door.
  2407 | D:2      | Noticed Crazy Yiuf
  2415 | D:2      | Killed Crazy Yiuf
  2415 | D:2      | Reached skill level 5 in Transmutations
  2772 | D:3      | Noticed Robin
  2793 | D:3      | Killed Robin
  3837 | D:4      | Your scales start taking on an icy white colour.
  3837 | D:4      | Reached XP level 7. HP: 13/52 MP: 3/10
  3837 | D:4      | Gained mutation: Your flesh is cold resistant. (rC+) [White
                  | Draconian growth]
  3839 | D:4      | Reached skill level 6 in Unarmed Combat
  3890 | D:4      | Found a glowing drain.
  4057 | Sewer    | Entered a sewer
  4225 | Sewer    | Noticed Purgy
  4235 | Sewer    | Killed Purgy
  4439 | D:4      | Found Yzequgria's Antique Armour Shop.
  4538 | D:4      | Reached skill level 7 in Unarmed Combat
  5077 | D:4      | Gained mutation: You are frail. (-10% HP) [potion of
                  | mutation]
  5077 | D:4      | Gained mutation: Your flesh is heat resistant. (rF+)
                  | [potion of mutation]
  5079 | D:5      | Entered Level 5 of the Dungeon
  5105 | D:5      | HP: 2/46 [orc priest/divine providence (15)]
  5106 | D:5      | Slain by an orc priest

Illustrated notes

Levels and vault maps discovered:
D:1:      shiori_arrival_whats_in_store_for_you, layout_basic
D:2:      layout_basic, okawaru_altar_gauntlet_db,
          chequers_ecumenical_altar_simple_redux, uniq_crazy_yiuf_cottage,
          uniq_sigmund, uniq_terence
D:3:      layout_loops_corners, uniq_robin
D:4:      layout_cave_pools, portal_sewer_entry_a, serial_shops,
          kennysheep_mini, uniq_eustachio
D:5:      wad_crossroads, layout_basic, nicolae_qazlal_general_emergency,
          minmay_temple_entry_wispy

Skill      XL: |  1  2  3  4  5  6  7 |
---------------+----------------------+-----
Unarmed Combat | 4 5 7 |  7.6
Transmutations | 4 5 |  5.5
Poison Magic   | 1 |  1.0
Fighting       | |  1.1
Dodging        | |  1.7
Spellcasting   | |  2.0

Action                   |  1- 3 |  4- 6 |  7- 9 || total
-------------------------+-------+-------+-------++-------
Melee: Unarmed           |   106 |   154 |    86 ||   346
       Kick              |    19 |    15 |     5 ||    39
       Tailslap          |     8 |     7 |     4 ||    19
       Headbutt          |     5 |    10 |     3 ||    18
       Punch             |     1 |       |     1 ||     2
 Cast: Beastly Appendage |    28 |    23 |    10 ||    61
       Wereblood         |     1 |     5 |     2 ||     8
       Spider Form       |       |     6 |     6 ||    12
  Use: Scroll            |       |       |     7 ||     7
       Potion            |       |       |     1 ||     1
 Stab: Sleeping          |     1 |       |       ||     1
Armor: Skin              |    26 |    45 |    20 ||    91
Dodge: Dodged            |    75 |   116 |    68 ||   259

Table legend: (Time is in decaauts)
 A = Elapsed time spent in this place.
 B = Non-inter-level travel time spent in this place.
 C = Inter-level travel time spent in this place.
 D = Time resting spent in this place.
 E = Time spent auto-exploring this place.
 F = Levels seen in this place.
 G = Mean time per level.
                   A        B        C        D        E       F      G
               +--------+--------+--------+--------+--------+-----+--------+
         Total |   5115 |   5044 |     71 |    490 |   3621 |   6 |  852.5 |
       Dungeon |   4746 |   4675 |     71 |    490 |   3416 |   5 |  949.2 |
         Sewer |    369 |    369 |      0 |      0 |    205 |   1 |  369.0 |
               +--------+--------+--------+--------+--------+-----+--------+

Top non-repeatable levels by time:
     D:2: 1638 daAuts
     D:3: 1233 daAuts
     D:4: 943 daAuts
     D:1: 907 daAuts
   Sewer: 369 daAuts
     D:5: 23 daAuts
